[Event "IIFL Wealth  4th Mumbai Junior U-13"]
[Site "Mumbai"]
[Date "2019.01.05"]
[Round "7"]
[White "Daakshin Arun"]
[Black "Bhosale Saarth"]
[Result "1-0"]
[ECO "A86"]
[WhiteElo "1400"]
[BlackElo "1066"]
[Annotator "NA RC"]
[PlyCount "67"]
[EventDate "2018.12.30"]
[EventType "swiss"]
[EventCountry "IND"]
[SourceTitle "playchess.com"]
[Source "ChessBase"]
[SourceQuality "1"]
[TimeControl "40/5400+30:1800+30"]

1. d4 f5 2. c4 Nf6 3. g3 g6 4. Bg2 Bg7 5. Nc3 O-O 6. Nf3 d6 7. O-O Qe8 8. d5 Na6 9. Be3 Ng4 10. Bd4 Bxd4 11. Qxd4 Nc5 12. b4 Nd7 13. Nb5 Qd8 14. Nxa7 Nde5 15. Nxc8 Qxc8 16. Qc3 Qd7 17. Nxe5 Nxe5 18. c5 Ra6 19. c6 bxc6 20. dxc6 Qe6 21. a4 Rfa8 22. a5 Kf8 23. b5 R6a7 24. b6 Ra6 25. b7 Rb8 26. Rfc1 d5 27. Qd4 Qf6 28. Qxd5 Rxc6 29. Rxc6 Nxc6 30. Rd1 Rxb7 31. Qxc6 Qxc6 32. Rd8+ Kf7 33. Bxc6 Ra7 34. Ra8 1-0

[Event "IIFL Wealth  4th Mumbai Junior U-13"]
[Site "Mumbai"]
[Date "2019.01.05"]
[Round "7"]
[White "Renganayaki V"]
[Black "Mahajan Ayush"]
[Result "0-1"]
[ECO "A13"]
[WhiteElo "1376"]
[BlackElo "1629"]
[Annotator "NA RC"]
[PlyCount "66"]
[EventDate "2018.12.30"]
[EventType "swiss"]
[EventCountry "IND"]
[SourceTitle "playchess.com"]
[Source "ChessBase"]
[SourceQuality "1"]
[TimeControl "40/5400+30:1800+30"]

1. c4 e6 2. Nf3 d5 3. g3 Nf6 4. Bg2 Nbd7 5. O-O Bd6 6. b3 O-O 7. Bb2 c6 8. d4 Ne4 9. Nfd2 f5 10. Nxe4 dxe4 11. e3 e5 12. Nc3 Nf6 13. d5 c5 14. Qe2 a6 15. a4 Bd7 16. Qc2 Qc7 17. a5 Rae8 18. Rfe1 g5 19. Bc1 g4 20. h4 gxh3 21. Bxh3 f4 22. Bxd7 Qxd7 23. exf4 exf4 24. Bxf4 Bxf4 25. gxf4 Qg4+ 26. Kf1 Qf3 27. Rac1 e3 28. Rxe3 Rxe3 29. Kg1 Kh8 30. fxe3 Rg8+ 31. Qg6 Rxg6+ 32. Kh2 Rg2+ 33. Kh1 Qh3# 0-1

[Event "IIFL Wealth  4th Mumbai Junior U-13"]
[Site "Mumbai"]
[Date "2019.01.05"]
[Round "7"]
[White "Vaval Aaditi"]
[Black "Dhrithi Murgod"]
[Result "1-0"]
[ECO "B13"]
[WhiteElo "1367"]
[BlackElo "1177"]
[Annotator "NA RC"]
[PlyCount "91"]
[EventDate "2018.12.30"]
[EventType "swiss"]
[EventCountry "IND"]
[SourceTitle "playchess.com"]
[Source "ChessBase"]
[SourceQuality "1"]
[TimeControl "40/5400+30:1800+30"]

1. e4 c6 2. d4 d5 3. exd5 cxd5 4. Bd3 e6 5. Bf4 Bd6 6. Bxd6 Qxd6 7. c3 Nf6 8. Nf3 Nc6 9. O-O Bd7 10. Nbd2 O-O 11. Re1 h6 12. Ne5 Qc7 13. f4 a6 14. Ndf3 Be8 15. g4 Nd7 16. Bc2 Ndxe5 17. Nxe5 Nxe5 18. fxe5 Qe7 19. Qd3 g6 20. Qg3 Kg7 21. h4 Rg8 22. Rf1 Rc8 23. Rf6 Bb5 24. a4 Bc6 25. Qe3 Rh8 26. Raf1 Rcf8 27. Qc1 Bd7 28. Qb1 Be8 29. R1f2 h5 30. g5 Rhg8 31. Qa2 Qc7 32. Qb3 Qd7 33. R6f3 Qc7 34. Bd3 Qc6 35. Qb4 Qc7 36. a5 Qd7 37. b3 Qc7 38. Rf6 Qd7 39. Bxg6 Rh8 40. Bd3 Qc7 41. Be2 Qd7 42. Bd3 Qc7 43. g6 Rhg8 44. gxf7 Rxf7 45. Rg2+ Kh8 46. Rh6+ 1-0

[Event "IIFL Wealth  4th Mumbai Junior U-13"]
[Site "Mumbai"]
[Date "2019.01.05"]
[Round "7"]
[White "Jadhav Jyotiraditya"]
[Black "Sriram S N"]
[Result "1-0"]
[ECO "D38"]
[WhiteElo "1358"]
[BlackElo "1139"]
[Annotator "NA RC"]
[PlyCount "85"]
[EventDate "2018.12.30"]
[EventType "swiss"]
[EventCountry "IND"]
[SourceTitle "playchess.com"]
[Source "ChessBase"]
[SourceQuality "1"]
[TimeControl "40/5400+30:1800+30"]

1. d4 d5 2. c4 e6 3. Nc3 Bb4 4. Nf3 Nf6 5. Bg5 Nbd7 6. e3 h6 7. Bh4 O-O 8. cxd5 exd5 9. Bd3 a6 10. O-O Bxc3 11. bxc3 Re8 12. c4 c6 13. cxd5 cxd5 14. Qb3 a5 15. Bb5 Re7 16. a4 Qb6 17. Rab1 Re6 18. Qd3 Qd6 19. Bg3 Qe7 20. Rfc1 Nb6 21. Rc7 Qf8 22. Rbc1 Ne8 23. R7c5 Nd6 24. Bxd6 Qxd6 25. Qb3 Bd7 26. Ne5 Bxb5 27. Qxb5 f6 28. Nd3 Rd8 29. Qxa5 Ra8 30. Qb5 Rxa4 31. Nf4 Re7 32. Nxd5 Nxd5 33. Qxa4 Nb6 34. Qb3+ Kh8 35. Rb5 Re6 36. Rb1 Nd7 37. Rxb7 Nf8 38. Rb6 Qxb6 39. Qxb6 Rxb6 40. Rxb6 Nd7 41. Rb7 Nf8 42. Kf1 Kh7 43. Ke2 {[%emt 0:00:00] g5} 1-0

[Event "IIFL Wealth  4th Mumbai Junior U-13"]
[Site "Mumbai"]
[Date "2019.01.05"]
[Round "7"]
[White "Khairmode Aditya"]
[Black "Iyer Aarav"]
[Result "1/2-1/2"]
[ECO "B89"]
[WhiteElo "1337"]
[BlackElo "1124"]
[Annotator "NA RC"]
[PlyCount "65"]
[EventDate "2018.12.30"]
[EventType "swiss"]
[EventCountry "IND"]
[SourceTitle "playchess.com"]
[Source "ChessBase"]
[SourceQuality "1"]
[TimeControl "40/5400+30:1800+30"]

1. e4 c5 2. Nf3 d6 3. d4 cxd4 4. Nxd4 Nf6 5. Nc3 e6 6. Bc4 Nc6 7. Be3 Be7 8. f3 a6 9. Qd2 O-O 10. O-O-O Qc7 11. Bb3 Bd7 12. g4 h6 13. h4 Ne8 14. h5 Qd8 15. Rdg1 Nxd4 16. Bxd4 e5 17. Be3 Bg5 18. Kb1 Bxe3 19. Qxe3 Qg5 20. Qf2 Be6 21. Ne2 Rd8 22. f4 exf4 23. Nxf4 Bxb3 24. axb3 Nf6 25. Qf3 Rfe8 26. Nh3 Qe5 27. Rf1 Qxe4 28. Qf2 Qe3 29. Qh4 Ne4 30. Rd1 Qg3 31. Qxg3 Nxg3 32. Rhg1 Ne4 33. Rge1 1/2-1/2

[Event "IIFL Wealth  4th Mumbai Junior U-13"]
[Site "Mumbai"]
[Date "2019.01.05"]
[Round "7"]
[White "Aggarwal Vansh"]
[Black "Rajbeer Ahmed"]
[Result "1/2-1/2"]
[ECO "B21"]
[WhiteElo "1328"]
[BlackElo "1550"]
[Annotator "NA RC"]
[PlyCount "171"]
[EventDate "2018.12.30"]
[EventType "swiss"]
[EventCountry "IND"]
[SourceTitle "playchess.com"]
[Source "ChessBase"]
[SourceQuality "1"]
[TimeControl "40/5400+30:1800+30"]

1. e4 c5 2. d4 cxd4 3. c3 dxc3 4. Nxc3 Nc6 5. Nf3 e6 6. Bc4 Qc7 7. O-O Nf6 8. Qe2 Ng4 9. Rd1 Bc5 10. Be3 Nxe3 11. fxe3 a6 12. Rac1 Ba7 13. Bb3 Qf4 14. Re1 b5 15. Kh1 Qh6 16. a3 Bb7 17. Rcd1 Rd8 18. e5 Bb8 19. Ne4 Nxe5 20. Nd6+ Bxd6 21. Rxd6 Nxf3 22. gxf3 Qh3 23. e4 Bc6 24. Rc1 O-O 25. Qd3 Rc8 26. Rg1 f5 27. Qc3 g6 28. Rg3 Qf1+ 29. Rg1 Qh3 30. Rg3 Qf1+ 31. Rg1 Qf2 32. Rg2 Qf1+ 33. Rg1 Qf2 34. Rg2 Qh4 35. Bxe6+ dxe6 36. Rxc6 Qd8 37. Rc2 Rxc6 38. Qxc6 Qf6 39. Qc3 fxe4 40. Qxf6 Rxf6 41. fxe4 Rf4 42. Rc6 Rxe4 43. Rxa6 Re1+ 44. Kg2 Re2+ 45. Kg1 Rxb2 46. Rxe6 Ra2 47. Rb6 Ra1+ 48. Kg2 Ra2+ 49. Kg1 Rxa3 50. Rxb5 Kg7 51. Kg2 Kh6 52. Rc5 Re3 53. Rc7 g5 54. Ra7 Kg6 55. Ra5 h5 56. Rb5 g4 57. Ra5 h4 58. Ra6+ Kf5 59. Ra5+ Kf4 60. Ra4+ Kf5 61. Ra5+ Kf6 62. Ra6+ Kf5 63. Ra5+ Kf4 64. Ra4+ Re4 65. Rxe4+ Kxe4 66. h3 g3 67. Kg1 Ke3 68. Kg2 Ke2 69. Kg1 Kf3 70. Kf1 g2+ 71. Kg1 Ke2 72. Kxg2 Ke3 73. Kg1 Kf3 74. Kh2 Kf2 75. Kh1 Kg3 76. Kg1 Kxh3 77. Kh1 Kg4 78. Kg2 h3+ 79. Kh1 Kh4 80. Kh2 Kg4 81. Kh1 Kg3 82. Kg1 Kf3 83. Kh2 Kg4 84. Kh1 Kg3 85. Kg1 h2+ 86. Kh1 1/2-1/2

[Event "IIFL Wealth  4th Mumbai Junior U-13"]
[Site "Mumbai"]
[Date "2019.01.05"]
[Round "7"]
[White "Anurag Panigrahi"]
[Black "Aditya Sriram"]
[Result "1/2-1/2"]
[ECO "B23"]
[WhiteElo "1315"]
[BlackElo "1315"]
[Annotator "NA RC"]
[PlyCount "58"]
[EventDate "2018.12.30"]
[EventType "swiss"]
[EventCountry "IND"]
[SourceTitle "playchess.com"]
[Source "ChessBase"]
[SourceQuality "1"]
[TimeControl "40/5400+30:1800+30"]

1. e4 c5 2. Nc3 d6 3. f4 Nc6 4. Nf3 Nf6 5. Bb5 Bd7 6. d3 g6 7. O-O Bg7 8. Bd2 O-O 9. Bxc6 Bxc6 10. Qe1 Qc7 11. f5 Rfe8 12. Qh4 a6 13. Bh6 b5 14. Ng5 Bh8 15. fxg6 fxg6 16. Rae1 Qd7 17. h3 e5 18. Re3 b4 19. Nd5 Nxd5 20. exd5 Bxd5 21. Ne4 Bxe4 22. dxe4 Qe7 23. Bg5 Qe6 24. Ref3 Bg7 25. Bh6 Qe7 26. Bg5 Qe6 27. Bh6 Qe7 28. Bg5 Qe6 29. Bh6 Qe7 1/2-1/2

[Event "IIFL Wealth  4th Mumbai Junior U-13"]
[Site "Mumbai"]
[Date "2019.01.05"]
[Round "7"]
[White "Sohanganesh Uddhav Nikam"]
[Black "Pingale Shivraj"]
[Result "1/2-1/2"]
[ECO "C01"]
[WhiteElo "1299"]
[BlackElo "1580"]
[Annotator "NA RC"]
[PlyCount "104"]
[EventDate "2018.12.30"]
[EventType "swiss"]
[EventCountry "IND"]
[SourceTitle "playchess.com"]
[Source "ChessBase"]
[SourceQuality "1"]
[TimeControl "40/5400+30:1800+30"]

1. e4 e6 2. d4 d5 3. exd5 exd5 4. Nf3 Nf6 5. Bd3 c5 6. c3 Bd6 7. Qe2+ Be7 8. dxc5 O-O 9. Be3 Re8 10. b4 Bg4 11. Qc2 a5 12. Ne5 axb4 13. O-O Bh5 14. Bb5 Nfd7 15. Nxd7 Nxd7 16. Qf5 Nf6 17. Bxe8 Qxe8 18. cxb4 Bg6 19. Qe5 Ng4 20. Qf4 Nxe3 21. Qxe3 Bf6 22. Qxe8+ Rxe8 23. Nd2 Bxa1 24. Rxa1 Bd3 25. Nb3 Kf8 26. Na5 Re4 27. a3 Ba6 28. Rb1 Bd3 29. Rd1 Bc2 30. Rc1 d4 31. f3 Re2 32. c6 bxc6 33. Nxc6 d3 34. Nd4 Re8 35. Nxc2 Rc8 36. Kf1 dxc2 37. Ke2 Ra8 38. Rxc2 Rxa3 39. Rb2 Ke7 40. b5 Ra7 41. Kd3 Kd6 42. Kc4 Rc7+ 43. Kb4 Rc1 44. Ka5 Kc7 45. Re2 Ra1+ 46. Kb4 Rb1+ 47. Kc5 Rc1+ 48. Kd4 Rd1+ 49. Kc3 Rc1+ 50. Kb2 Rg1 51. g3 Kb6 52. Kc3 Rh1 1/2-1/2

[Event "IIFL Wealth  4th Mumbai Junior U-13"]
[Site "Mumbai"]
[Date "2019.01.05"]
[Round "7"]
[White "Sneha Halder"]
[Black "Jain Aryan S"]
[Result "0-1"]
[ECO "D02"]
[WhiteElo "1282"]
[BlackElo "1115"]
[Annotator "NA RC"]
[PlyCount "118"]
[EventDate "2018.12.30"]
[EventType "swiss"]
[EventCountry "IND"]
[SourceTitle "playchess.com"]
[Source "ChessBase"]
[SourceQuality "1"]
[TimeControl "40/5400+30:1800+30"]

1. Nf3 d5 2. d4 Nf6 3. Bf4 e6 4. e3 a6 5. c3 b6 6. Nbd2 Bb7 7. Bd3 Nbd7 8. O-O Be7 9. b4 O-O 10. a4 c5 11. bxc5 bxc5 12. Ne5 Nxe5 13. Bxe5 c4 14. Bc2 Bd6 15. Bxd6 Qxd6 16. f4 g6 17. g4 Qe7 18. g5 Nh5 19. Kg2 f6 20. h4 fxg5 21. hxg5 e5 22. dxe5 d4+ 23. Nf3 dxe3 24. Kh2 Nxf4 25. Qd4 Bxf3 26. Rxf3 Qxg5 27. Qxc4+ Kh8 28. Qf1 e2 29. Qf2 Qh5+ 30. Kg1 Nh3+ 31. Rxh3 Qxh3 32. Qxe2 Qg3+ 33. Qg2 Qxc3 34. Rd1 Qxe5 35. Be4 Rab8 36. Bd3 Qe3+ 37. Kh1 Rf2 38. Qg4 Qf3+ 39. Qxf3 Rxf3 40. Bxa6 Rbf8 41. Ra1 g5 42. a5 R3f7 43. Be2 Ra7 44. a6 Rf2 45. Bb5 g4 46. Rc1 g3 47. Kg1 Rb2 48. Bd3 h5 49. Rc5 Rh2 50. Rg5 h4 51. Rh5+ Kg8 52. Rg5+ Kf7 53. Rf5+ Ke6 54. Rg5 Rc7 55. Bf1 Rf2 56. a7 Rc1 57. Rg6+ Kf5 58. Rf6+ Kxf6 59. a8=Q Rcxf1# 0-1

[Event "IIFL Wealth  4th Mumbai Junior U-13"]
[Site "Mumbai"]
[Date "2019.01.05"]
[Round "7"]
[White "Sai Mahati A"]
[Black "Dabhade Arnav"]
[Result "1-0"]
[ECO "D35"]
[WhiteElo "1267"]
[BlackElo "1064"]
[Annotator "NA RC"]
[PlyCount "61"]
[EventDate "2018.12.30"]
[EventType "swiss"]
[EventCountry "IND"]
[SourceTitle "playchess.com"]
[Source "ChessBase"]
[SourceQuality "1"]
[TimeControl "40/5400+30:1800+30"]

1. d4 d5 2. c4 e6 3. cxd5 exd5 4. Nc3 Nf6 5. Bg5 Be7 6. Nf3 c6 7. e3 Bg4 8. Be2 Nbd7 9. O-O O-O 10. Rc1 Re8 11. Bxf6 Nxf6 12. Ne5 Bxe2 13. Qxe2 Bd6 14. f4 Nd7 15. Qg4 Nb6 16. Qh5 Bxe5 17. fxe5 Qe7 18. e4 Rad8 19. exd5 Nxd5 20. Ne4 Rf8 21. Rf3 f6 22. Rcf1 fxe5 23. Ng5 Nf6 24. Qh3 e4 25. Rg3 Rfe8 26. Rxf6 Qxf6 27. Qxh7+ Kf8 28. h3 Qxd4+ 29. Kh2 Qe5 30. Qg6 Qf6 31. Nh7+ {[%emt 0:00:12] Qe5 [%clk 0:22:45] Ng5 [%clk 0:10:34]} 1-0

[Event "IIFL Wealth  4th Mumbai Junior U-13"]
[Site "Mumbai"]
[Date "2019.01.05"]
[Round "7"]
[White "Ghadge Harsh"]
[Black "Vedant Nitin vekhande"]
[Result "1/2-1/2"]
[ECO "A52"]
[WhiteElo "1265"]
[BlackElo "1564"]
[Annotator "NA RC"]
[PlyCount "119"]
[EventDate "2018.12.30"]
[EventType "swiss"]
[EventCountry "IND"]
[SourceTitle "playchess.com"]
[Source "ChessBase"]
[SourceQuality "1"]
[TimeControl "40/5400+30:1800+30"]

1. d4 Nf6 2. c4 e5 3. dxe5 Ng4 4. Nf3 Nc6 5. Nc3 Ngxe5 6. Nxe5 Nxe5 7. e3 Bb4 8. Bd2 O-O 9. a3 Bxc3 10. Bxc3 d6 11. c5 Bg4 12. Be2 Bxe2 13. Qxe2 Qe7 14. cxd6 Qxd6 15. Rd1 Qe6 16. O-O Nc6 17. Qf3 Qe7 18. Qg4 f5 19. Qg3 Rad8 20. h3 Rd7 21. Kh2 Rfd8 22. Rxd7 Rxd7 23. Rc1 g6 24. Qf4 Kf7 25. Qc4+ Qe6 26. Qxe6+ Kxe6 27. h4 Ne7 28. Kg3 Nd5 29. Kf3 Nxc3 30. Rxc3 c6 31. Rb3 b6 32. Rc3 c5 33. b4 Rc7 34. bxc5 Ke5 35. c6 Kd5 36. Kf4 Rxc6 37. Rxc6 Kxc6 38. Ke5 b5 39. Kd4 a5 40. f3 h5 41. g3 Kd6 42. e4 fxe4 43. Kxe4 Kc5 44. Kd3 b4 45. axb4+ axb4 46. g4 Kd5 47. gxh5 gxh5 48. f4 b3 49. Kc3 Ke4 50. Kxb3 Kxf4 51. Kc2 Kg3 52. Kd2 Kxh4 53. Ke2 Kg3 54. Kf1 Kh2 55. Kf2 h4 56. Kf1 h3 57. Kf2 Kh1 58. Kf1 Kh2 59. Kf2 Kh1 60. Kf1 1/2-1/2

[Event "IIFL Wealth  4th Mumbai Junior U-13"]
[Site "Mumbai"]
[Date "2019.01.05"]
[Round "7"]
[White "Darsh Shetty"]
[Black "Bharadia Yash"]
[Result "0-1"]
[ECO "A01"]
[WhiteElo "1260"]
[BlackElo "1559"]
[Annotator "NA RC"]
[PlyCount "84"]
[EventDate "2018.12.30"]
[EventType "swiss"]
[EventCountry "IND"]
[SourceTitle "playchess.com"]
[Source "ChessBase"]
[SourceQuality "1"]
[TimeControl "40/5400+30:1800+30"]

1. b3 d5 2. Bb2 c5 3. e3 Nc6 4. Bb5 Qc7 5. Nf3 Bg4 6. h3 Bh5 7. d3 Nf6 8. Nbd2 e6 9. Be5 Bd6 10. Bxd6 Qxd6 11. d4 O-O 12. Bxc6 bxc6 13. Nf1 Bxf3 14. Qxf3 cxd4 15. exd4 e5 16. O-O-O a5 17. Kb2 a4 18. Ra1 axb3 19. axb3 Rxa1 20. Kxa1 Qa3+ 21. Kb1 Ra8 22. Qc3 Ne4 23. Qb2 Qb4 24. Ng3 Nc3+ 25. Kc1 Ra2 26. Qxa2 Nxa2+ 27. Kb2 Qxd4+ 28. Kxa2 Qxf2 29. Nh5 g6 30. Kb2 gxh5 31. Ra1 Qxg2 32. Ra8+ Kg7 33. Rc8 d4 34. Re8 d3 35. h4 Qxc2+ 36. Ka1 d2 37. Rd8 Qc3+ 38. Ka2 Qa5+ 39. Kb2 Qxd8 40. Kc3 d1=Q 41. Kb4 Qb6+ 42. Kc3 Qbd4# {[%emt 0:00:03] Kxd4} 0-1

[Event "IIFL Wealth  4th Mumbai Junior U-13"]
[Site "Mumbai"]
[Date "2019.01.05"]
[Round "7"]
[White "Bulsara Yazaan"]
[Black "Ambre Ved"]
[Result "1-0"]
[ECO "B40"]
[WhiteElo "1244"]
[BlackElo "1063"]
[Annotator "NA RC"]
[PlyCount "123"]
[EventDate "2018.12.30"]
[EventType "swiss"]
[EventCountry "IND"]
[SourceTitle "playchess.com"]
[Source "ChessBase"]
[SourceQuality "1"]
[TimeControl "40/5400+30:1800+30"]

1. e4 c5 2. Nf3 e6 3. d4 cxd4 4. Nxd4 Nf6 5. Nc3 Qc7 6. Be3 Bb4 7. Ndb5 Qc6 8. f3 a6 9. a3 Ba5 10. Nd6+ Ke7 11. Nc4 Bxc3+ 12. bxc3 b5 13. Nb6 Bb7 14. Nxa8 Qxc3+ 15. Kf2 Bxa8 16. Bd3 Nc6 17. Qd2 Qxd2+ 18. Bxd2 Rc8 19. Be3 Ne5 20. Rac1 Rc3 21. Be2 Bxe4 22. Bd4 Rxc2 23. Rxc2 Bxc2 24. Bxe5 Ne8 25. Rc1 Bb3 26. Bd1 Bc4 27. a4 d6 28. axb5 axb5 29. Bb2 Nc7 30. Bxg7 Nd5 31. Be2 Bxe2 32. Kxe2 Nf4+ 33. Kd2 Nxg2 34. Rb1 Nh4 35. Ke2 Nf5 36. Ba1 Kd7 37. Rxb5 Kc6 38. Rb8 Kd7 39. Rh8 h6 40. Ra8 e5 41. Ra7+ Ke6 42. Ra6 Ne7 43. Bb2 Nf5 44. Kd3 Kd5 45. Ra5+ Ke6 46. Ke4 Nh4 47. Bxe5 f5+ 48. Ke3 dxe5 49. Ra6+ Kd5 50. Rxh6 Ng2+ 51. Kf2 Nf4 52. h4 e4 53. fxe4+ fxe4 54. Ke3 Ng2+ 55. Kf2 Nf4 56. h5 Ne6 57. Ke3 Ng7 58. Rg6 Nf5+ 59. Kf4 Ne7 60. Rg5+ Kd4 61. h6 Nd5+ 62. Rxd5+ 1-0

[Event "IIFL Wealth  4th Mumbai Junior U-13"]
[Site "Mumbai"]
[Date "2019.01.05"]
[Round "7"]
[White "Shah Vrisha Parag"]
[Black "Aditya Ramanathan"]
[Result "0-1"]
[ECO "C96"]
[WhiteElo "1240"]
[BlackElo "1493"]
[Annotator "NA RC"]
[PlyCount "94"]
[EventDate "2018.12.30"]
[EventType "swiss"]
[EventCountry "IND"]
[SourceTitle "playchess.com"]
[Source "ChessBase"]
[SourceQuality "1"]
[TimeControl "40/5400+30:1800+30"]

1. e4 e5 2. Nf3 Nc6 3. Bb5 a6 4. Ba4 Nf6 5. O-O Be7 6. Re1 b5 7. Bb3 d6 8. h3 O-O 9. c3 Na5 10. Bc2 c5 11. d4 Nd7 12. Nbd2 exd4 13. cxd4 Nc6 14. Nf1 Bf6 15. Be3 cxd4 16. Bxd4 Nxd4 17. Nxd4 Ne5 18. Ne3 Be6 19. Ndf5 Bxf5 20. exf5 Nc4 21. Nxc4 bxc4 22. Rb1 d5 23. b3 c3 24. Bd3 d4 25. Qc2 Qd6 26. Be4 Rac8 27. Rbd1 Rfd8 28. Rd3 h6 29. Rf3 Re8 30. Rd3 Qa3 31. Rdd1 Qb2 32. Qxb2 cxb2 33. f3 Bg5 34. Bb1 Rxe1+ 35. Rxe1 Rc1 36. Kf1 Bd2 37. Ke2 Rxe1+ 38. Kxd2 Rxb1 39. Kc2 Rc1+ 40. Kxb2 Rc8 41. g4 d3 42. Ka3 d2 43. f4 d1=Q 44. h4 Qc1+ 45. Ka4 Rb8 46. a3 Qc6+ 47. Ka5 Qb5# 0-1

[Event "IIFL Wealth  4th Mumbai Junior U-13"]
[Site "Mumbai"]
[Date "2019.01.05"]
[Round "7"]
[White "Prakhar Chaturvedi"]
[Black "Arjun Sidharth S"]
[Result "0-1"]
[ECO "B23"]
[WhiteElo "1235"]
[BlackElo "1489"]
[Annotator "NA RC"]
[PlyCount "109"]
[EventDate "2018.12.30"]
[EventType "swiss"]
[EventCountry "IND"]
[SourceTitle "playchess.com"]
[Source "ChessBase"]
[SourceQuality "1"]
[TimeControl "40/5400+30:1800+30"]

1. e4 c5 2. Nc3 d6 3. f4 g6 4. Nf3 Bg7 5. Bb5+ Nc6 6. d3 e6 7. Be3 Nge7 8. O-O O-O 9. Bxc6 Nxc6 10. a3 Nd4 11. h3 Bd7 12. Rb1 Qe7 13. g4 f5 14. g5 Bc6 15. Qd2 d5 16. exd5 exd5 17. Bxd4 cxd4 18. Ne2 Qe3+ 19. Qxe3 dxe3 20. d4 Bb5 21. Rfe1 Bxe2 22. Rxe2 Rfe8 23. Ne5 Bxe5 24. dxe5 d4 25. Rd1 Rad8 26. Rd3 Kf7 27. c3 dxc3 28. Rxc3 Rd4 29. Rexe3 Rxf4 30. Rc7+ Re7 31. e6+ Kf8 32. Rc8+ Kg7 33. Rd8 Re4 34. Kf2 Rxe3 35. Kxe3 Rxe6+ 36. Kf3 Kf7 37. Rd7+ Re7 38. Rd6 Rc7 39. Kf4 Ke7 40. Rd4 Ke6 41. Rb4 Kd5 42. b3 b6 43. h4 Rc1 44. Rb5+ Kd6 45. Ke3 Re1+ 46. Kf3 Re4 47. h5 Kc6 48. a4 a6 49. hxg6 hxg6 50. Rxf5 gxf5 51. g6 Rg4 52. g7 Rxg7 53. Kf4 Rf7 54. Ke5 f4 55. Kd4 0-1

[Event "IIFL Wealth  4th Mumbai Junior U-13"]
[Site "Mumbai"]
[Date "2019.01.05"]
[Round "7"]
[White "Keerthana B"]
[Black "Desai Sailee"]
[Result "1-0"]
[ECO "B01"]
[WhiteElo "1232"]
[BlackElo "1042"]
[Annotator "NA RC"]
[PlyCount "81"]
[EventDate "2018.12.30"]
[EventType "swiss"]
[EventCountry "IND"]
[SourceTitle "playchess.com"]
[Source "ChessBase"]
[SourceQuality "1"]
[TimeControl "40/5400+30:1800+30"]

1. e4 d5 2. exd5 Qxd5 3. Nc3 Qd6 4. d4 Nf6 5. Nf3 e6 6. g3 b6 7. Bf4 Qd8 8. Bg2 Bb7 9. O-O Be7 10. Re1 O-O 11. a3 Nbd7 12. Nb5 c5 13. Nd6 Bxd6 14. Bxd6 Re8 15. Qd3 Nf8 16. dxc5 bxc5 17. Bxc5 Be4 18. Rxe4 Qxd3 19. cxd3 Nxe4 20. dxe4 Rec8 21. Bb4 Rc2 22. Bc3 Rc8 23. Nd4 R2xc3 24. bxc3 Rxc3 25. Nb5 Rc5 26. Nxa7 Ra5 27. Nc6 Ra8 28. e5 Re8 29. a4 Nd7 30. a5 Nb8 31. Nxb8 Rxb8 32. a6 g6 33. a7 Rf8 34. Rb1 Kg7 35. Rb8 Rxb8 36. axb8=Q Kh6 37. Qf8+ Kh5 38. f4 g5 39. Qxf7+ Kh6 40. Qf6+ Kh5 41. Qxg5# 1-0

[Event "IIFL Wealth  4th Mumbai Junior U-13"]
[Site "Mumbai"]
[Date "2019.01.05"]
[Round "7"]
[White "Roy Aanya"]
[Black "Raghu Ram Reddy Seelam"]
[Result "0-1"]
[ECO "C50"]
[WhiteElo "1232"]
[BlackElo "1472"]
[Annotator "NA RC"]
[PlyCount "92"]
[EventDate "2018.12.30"]
[EventType "swiss"]
[EventCountry "IND"]
[SourceTitle "playchess.com"]
[Source "ChessBase"]
[SourceQuality "1"]
[TimeControl "40/5400+30:1800+30"]

1. e4 e5 2. Nf3 Nc6 3. Bc4 Bc5 4. O-O Nf6 5. d4 Bxd4 6. Nxd4 Nxd4 7. f4 d6 8. fxe5 dxe5 9. Bg5 Qe7 10. Bxf6 gxf6 11. c3 Ne6 12. Kh1 Bd7 13. Na3 O-O-O 14. Qf3 Bc6 15. Qxf6 Qxf6 16. Rxf6 Bxe4 17. Bxe6+ fxe6 18. Rf2 Rhg8 19. Nc4 Rg5 20. Re1 Bc6 21. h3 Rdg8 22. Ree2 e4 23. Nd2 e3 24. Rxe3 Rxg2 25. Rxg2 Rxg2 26. Nf3 Rg3 27. Kh2 Rxf3 28. Rxe6 Rxh3+ 29. Kxh3 Bd7 30. Kh4 Bxe6 31. a3 Kd7 32. Kh5 Kc6 33. Kh6 Kb5 34. Kxh7 Kc4 35. Kg6 Kb3 36. Kf6 Bc4 37. Ke5 Kxb2 38. Kd4 b5 39. a4 bxa4 40. Kxc4 a3 41. Kb4 a2 42. Kc4 a1=Q 43. Kb4 Qa6 44. c4 Qb6+ 45. Ka4 a5 46. c5 Qb4# 0-1

[Event "IIFL Wealth  4th Mumbai Junior U-13"]
[Site "Mumbai"]
[Date "2019.01.05"]
[Round "7"]
[White "Vegi Bhavishnu Sai Sivaji"]
[Black "Virle Kimaya"]
[Result "1/2-1/2"]
[ECO "B78"]
[WhiteElo "1225"]
[BlackElo "1391"]
[Annotator "NA"]
[PlyCount "162"]
[EventDate "2018.12.30"]
[EventType "swiss"]
[EventCountry "IND"]
[SourceTitle "playchess.com"]
[Source "ChessBase"]
[SourceQuality "1"]
[TimeControl "40/5400+30:1800+30"]

1. e4 c5 2. Nf3 d6 3. d4 cxd4 4. Nxd4 Nf6 5. Nc3 g6 6. Be3 Bg7 7. f3 O-O 8. Qd2 Nc6 9. Bc4 Bd7 10. O-O-O Rc8 11. Bb3 Nxd4 12. Bxd4 b5 13. Bxa7 b4 14. Nd5 Nxd5 15. exd5 Qa5 16. Bd4 Bxd4 17. Qxd4 Ba4 18. Qd3 Rc7 19. g4 Rfc8 20. Bxa4 Qxa4 21. Qb3 Rxc2+ 22. Kb1 Qxb3 23. axb3 Rf2 24. Rdf1 Rcc2 25. Rxf2 Rxf2 26. Re1 Kf8 27. Re4 Rxf3 28. Rxb4 f5 29. gxf5 Rxf5 30. Rd4 g5 31. b4 Ke8 32. h4 h6 33. hxg5 hxg5 34. Kc2 Kd7 35. b3 Kc7 36. Re4 Kd7 37. Rd4 Re5 38. Kd3 Rf5 39. Ke3 Kd8 40. Ke4 Re5+ 41. Kf3 Kd7 42. Kg4 Kc7 43. Kf3 Kb6 44. Kg3 Ka6 45. Kf3 Kb5 46. Kg4 Kb6 47. Kg3 Re3+ 48. Kg4 Rxb3 49. Kxg5 Kb5 50. Re4 Rxb4 51. Rxe7 Kc5 52. Kf5 Kxd5 53. Re1 Rb5 54. Rc1 Rb4 55. Rd1+ Kc6 56. Ke6 Re4+ 57. Kf5 Re2 58. Rc1+ Kd7 59. Rd1 Re5+ 60. Kf4 Ke6 61. Rd2 d5 62. Rd4 Rf5+ 63. Kg4 Rf2 64. Rf4 Rxf4+ 65. Kxf4 Kd6 66. Ke3 Kc5 67. Kd3 d4 68. Kd2 Kc4 69. Kc2 d3+ 70. Kd2 Kd4 71. Kd1 Kc3 72. Kc1 Kd4 73. Kd2 Ke4 74. Kd1 Kd5 75. Kd2 Kc4 76. Kd1 Kc3 77. Kc1 Kc4 78. Kd2 Kd4 79. Kd1 Ke3 80. Ke1 d2+ 81. Kd1 Kd3 1/2-1/2

[Event "IIFL Wealth  4th Mumbai Junior U-13"]
[Site "Mumbai"]
[Date "2019.01.05"]
[Round "7"]
[White "Marzouq, Chowdhury"]
[Black "Akshit Jha"]
[Result "0-1"]
[ECO "C02"]
[WhiteElo "1224"]
[BlackElo "1604"]
[Annotator "NA"]
[PlyCount "96"]
[EventDate "2018.12.30"]
[EventType "swiss"]
[EventCountry "IND"]
[SourceTitle "playchess.com"]
[Source "ChessBase"]
[SourceQuality "1"]
[TimeControl "40/5400+30:1800+30"]

1. e4 e6 2. d4 d5 3. e5 c5 4. c3 Qb6 5. Nf3 Nc6 6. a3 a5 7. Qa4 Bd7 8. Bb5 Nxe5 9. Bxd7+ Nxd7 10. Ne5 Rd8 11. Nd2 cxd4 12. cxd4 Bd6 13. Ndf3 Ngf6 14. Bg5 h6 15. Nxd7 Rxd7 16. Bxf6 gxf6 17. O-O Ke7 18. Rfc1 Rc7 19. Re1 Rg8 20. h3 Rcc8 21. Re2 Rg6 22. Rae1 Rcg8 23. Nh4 Rg5 24. Qc2 Bc7 25. Nf5+ Kd8 26. Ne3 Qd6 27. g3 Rxg3+ 28. fxg3 Qxg3+ 29. Ng2 Qh2+ 30. Kf2 Qxg2+ 31. Ke3 Bf4+ 32. Kd3 Rg3+ 33. Re3 Rxe3+ 34. Rxe3 Qxc2+ 35. Kxc2 Bxe3 36. Kd3 Bf4 37. b3 e5 38. a4 e4+ 39. Ke2 Bd6 40. Ke3 f5 41. Ke2 f4 42. h4 f5 43. h5 f3+ 44. Kf2 f4 45. b4 Bxb4 46. Kf1 e3 47. Kg1 e2 48. Kh2 e1=Q 0-1